 Dungeon Crawl Stone Soup version 0.27.0-1-g7a089689b8 (webtiles) character file.

Game seed: 18023855817337946898

71801 backslashecho the Severer (level 15, -1/96 HPs)
             Began as a Gargoyle Berserker on Aug 3, 2021.
             Was a High Priest of Trog.
             Slain by a soul eater (9 damage)
             ... summoned by an orc high priest
             ... on level 2 of the Orcish Mines on Aug 4, 2021.
             The game lasted 01:00:09 (29404 turns).

backslashecho the Severer (Gargoyle Berserker)     Turns: 29404, Time: 01:00:10

Health: -1/96      AC: 34    Str: 30      XL:     15   Next: 37%
Magic:  15/15      EV: 11    Int: 10 (11) God:    Trog [*****.]
Gold:   2237       SH:  5    Dex: 18      Spells: 14/14 levels left

rFire    . . .     SeeInvis +   a - +0 broad axe
rCold    . . .     Faith    .   H - +0 buckler
rNeg     + . .     Spirit   .   A - +0 plate armour
rPois    ∞         Reflect  .   E - +1 hat {SInv}
rElec    +         Harm     .   Q - +1 cloak
rCorr    .         Rampage  .   S - +2 pair of gloves {Dex+3}
Will     +++..                  B - +0 pair of boots
Stlth    ..........             d - amulet of the acrobat
HPRegen  1.26/turn              F - +4 ring of slaying
MPRegen  0.14/turn              V - ring of the Circus Animal {Str+3 Int+3 Dex+6 SInv}

@: weakened, strong-willed, flying, regenerating
A: sickness immunity, AC +11, big wings, negative energy resistance 1,
electricity resistance, torment resistance 1, petrification resistance
a: Renounce Religion, Berserk, Trog's Hand, Brothers in Arms


You were on level 2 of the Orcish Mines.
You worshipped Trog.
Trog was extremely pleased with you.
You visited 3 branches of the dungeon, and saw 21 of its levels.
You also visited: Sewer and Gauntlet.

You collected 2312 gold pieces.
You spent 75 gold pieces at shops.

Inventory:

Hand Weapons
 a - a +0 broad axe (weapon)
 b - a +3 hand axe of flaming
Missiles
 m - 3 atropa-tipped darts (quivered)
 L - 30 poisoned darts
 O - 3 throwing nets
 P - a curare-tipped dart
 Y - 4 boomerangs of dispersal
 Z - 12 silver javelins
Armour
 y - a +0 kite shield
 A - a +0 plate armour (worn)
 B - a +0 pair of boots (worn)
 E - a +1 hat of see invisible (worn)
 H - a +0 buckler (worn)
 Q - a +1 cloak (worn)
 S - a +2 pair of gloves of dexterity (worn)
Jewellery
 d - an amulet of the acrobat (around neck)
 h - the ring "Piobekap" {Fire rElec Dex+9 Slay-2 SInv}
   (You found it in a Gauntlet)

   [ring of fire]

   It enhances your fire magic.
   Dex:       It affects your dexterity (+9).
   Slay:      It affects your accuracy & damage with ranged weapons and melee
   (-2).
   rF:        It protects you from fire.
   rC:        It makes you vulnerable to cold.
   rElec:     It insulates you from electricity.
   SInv:      It lets you see invisible.
 l - the ring "Cerupp" {EV+4 Dex+5 Stlth-}
   (You took it off a minotaur in a Gauntlet)

   [ring of evasion]

   EV:        It affects your evasion (+4).
   Dex:       It affects your dexterity (+5).
   Stlth:     It makes you less stealthy.
 v - a ring of resist corrosion
 F - a +4 ring of slaying (left hand)
 G - a ring of positive energy
 V - the ring of the Circus Animal (right hand) {Str+3 Int+3 Dex+6 SInv}
   (You found it on level 1 of the Lair of Beasts)

   [ring of see invisible]

   Str:       It affects your strength (+3).
   Int:       It affects your intelligence (+3).
   Dex:       It affects your dexterity (+6).
   SInv:      It lets you see invisible.
 W - a ring of fire
Wands
 n - a wand of paralysis (46)
 o - a wand of polymorph (23)
 r - a wand of charming (31)
 D - a wand of acid (9)
 I - a wand of iceblast (22)
 M - a wand of digging (12)
 X - a wand of flame (26)
Scrolls
 z - 2 scrolls of blinking
Potions
 g - a potion of invisibility
 i - 14 potions of curing {unknown}
 N - a potion of haste
Miscellaneous
 e - a phial of floods
 j - a phantom mirror
 K - a condenser vane
 T - a tin of tremorstones (2/2)


   Skills:
 - Level 12.0 Fighting
 * Level 16.9 Axes
 - Level 6.0 Throwing
 + Level 11.1 Armour
 - Level 5.0 Dodging
 - Level 4.0 Shields
 - Level 1.0 Unarmed Combat
 + Level 6.9 Evocations


You had 14 spell levels left.
You didn't know any spells.
Your spell library was empty.

Dungeon Overview and Level Annotations

Branches:
Dungeon (13/15)            Temple (0/1) D:4            Lair (6/6) D:11
 Shoals (0/4) Lair:4        Snake (0/4) Lair:2        Slime (0/5) Lair:5
    Orc (2/2) D:12            Elf (0/3) Orc:2        Vaults (0/5) D:13
  Sewer (visited)         Gauntlet (visited)

Altars:
Ashenzari
Hepliaklqana
Kikubaaqudgha
Nemelex Xobeh
Okawaru
Qazlal
Ru
Sif Muna
Trog
Uskayaw
Vehumet
Wu Jian
Xom
Yredelemnul
Beogh

Shops:
D:3 ?   D:10 (   Orc:2 (=

Annotations:
D:3 3 runed translucent doors, mandarbmax's ghost, weakling DsVM
D:8 1 runed translucent door, Gorgoleon's ghost, journeyman HuHu
D:12 1 runed translucent door, agentchuck's ghost, journeyman FoWr


Innate Abilities, Weirdness & Mutations

You are immune to sickness and miasma.
Your stone body is resilient. (AC +11)
You are immune to poison.
Your large and strong wings let you fly.
You resist negative energy. (rN+)
You are resistant to electric shocks. (rElec)
You are resistant to unholy torment.
You are immune to petrification.


Message History

You completely miss the orc high priest.
The orc high priest is moderately wounded.
You slash the orange demon!
The orange demon stings you but does no damage.
The orange demon barely misses you. You block the orc high priest's attack.
The orc high priest hits you but does no damage.
You slice the orc high priest!!
The orc high priest is heavily wounded.
You hit the orange demon. You barely miss the soul eater.
The orange demon stings you but does no damage.
The orange demon closely misses you.
The soul eater hits you but does no damage.
You closely miss the orc high priest.
The orc high priest is heavily wounded.
You completely miss the orange demon. You slash the soul eater!
The orc high priest hits you with a +0 battleaxe.
* * * LOW HITPOINT WARNING * * *
The orc high priest closely misses you. The orange demon completely misses you.
The orange demon hits you but does no damage.
The soul eater hits you!
* * * LOW HITPOINT WARNING * * *
You take 15 damage, and have 12/96 hp.
Unknown command.
Aiming: Corrosive Bolt
Press: ? - help, Shift-Dir - straight line, f - orc high priest
Aim: an orc high priest, wielding a +0 trident and wearing a +0 chain mail (74% to hit)
The bolt of acid misses the orc high priest.
The bolt of acid hits the orc high priest!
The orc high priest is splashed with acid.
The acid corrodes the orc high priest!
The orc high priest is moderately wounded.
You hear a shout!
The orc high priest hits you with a +0 battleaxe.
* * * LOW HITPOINT WARNING * * *
The orc high priest hits you but does no damage.
The orange demon barely misses you. The orange demon hits you.
* * * LOW HITPOINT WARNING * * *
You feel your attacks grow feeble. The soul eater hits you!
You die...

.... ... .. . #..#
#.# #.# # # #..#
#.# #.# # #.
#..###.###.#######
..
#.................
.###'##).........#
#.# #
..o.o.o.).8.[.8..#
#.# #
.###o##o3...))...#
#.# #
#@4###'###.###.###
#..#.....#........
#..#.....#.###.###
#..#.._..#.# #.# #
#..#######.###.###
..................
..................
##################


You could see a soul eater (summoned), 2 orc high priests and an orange demon
(summoned).

Vanquished Creatures
  Gastronok (D:8)
  A fire dragon (Lair:6)
  Harold (D:10)
  7 hydras
  A boulder beetle (Lair:1)
  2 catoblepae
  2 two-headed ogres
  4 death yaks (Lair:4)
  6 orc high priests (Orc:2)
  A tengu warrior (Gauntlet)
  A deep troll (D:13)
  A swamp dragon (Lair:6)
  A glowing orange brain (Gauntlet)
  A lindwurm (D:13)
  Pikel (D:4)
  4 ugly things
  4 cyclopes
  An orc sorcerer (Orc:1)
  A cyclops (shapeshifter) (D:13)
  4 manticores
  A centaur zombie (D:11)
  Joseph (D:7)
  3 black mambas
  16 cane toads
  A torpor snail (Lair:6)
  Psyche (D:9)
  5 rime drakes
  A tengu conjurer (Gauntlet)
  12 komodo dragons
  A freezing wraith (D:13)
  A meliai (shapeshifter) (D:13)
  A hornet (D:10)
  11 polar bears
  2 raiju (Lair:6)
  Grinder (D:5)
  5 trolls
  13 blink frogs
  8 slime creatures
  8 dream sheep
  A meliai zombie (D:11)
  2 centaur simulacra (Gauntlet)
  2 wraiths
  41 yaks
  Eustachio (D:4)
  A golden eye (shapeshifter) (D:13)
  4 vampires
  9 basilisks
  Grum (Lair:1)
  2 vampire mosquitoes
  Menkaure (D:4)
  6 nagas (Lair:2)
  Edmund (D:4)
  8 wargs
  Duvessa (D:7)
  17 water moccasins
  7 acid dragons
  15 hell hounds (Lair:6)
  A meliai simulacrum (Gauntlet)
  7 orc warriors
  A sky beast (D:7)
  A hornet zombie (D:6)
  6 necrophages
  12 black bears
  5 ogres (Orc:1)
  12 centaurs
  27 wolves
  A phantom (D:6)
  A lemure (D:4)
  A kobold brigand (D:11)
  12 bullfrogs
  A gnoll sergeant (D:9)
  2 scorpions
  A wyvern zombie (D:6)
  A water moccasin zombie (D:6)
  A hornet simulacrum (Gauntlet)
  Dowan (D:7)
  An electric eel (D:6)
  3 howler monkeys
  2 centaur skeletons
  A gnoll shaman (D:6)
  26 orc priests
  5 hounds
  2 jellies
  8 iguanas
  2 bullfrog skeletons (D:6)
  16 orc wizards
  4 hell rats (Lair:6)
  2 howler monkey zombies
  19 gnolls
  7 adders
  A river rat (D:3)
  2 shadow imps (D:7)
  2 white imps
  2 ufetubi
  An adder zombie (D:5)
  2 worms
  5 dart slugs
  93 orcs
  3 ball pythons
  5 bats
  4 endoplasms
  6 giant cockroaches
  8 goblins
  16 hobgoblins
  13 jackals
  15 kobolds
  2 quokkas
  2 frilled lizards
  10 rats
  A spectral orc (D:11)
642 creatures vanquished.

Vanquished Creatures (collateral kills)
  A minotaur (Gauntlet)
  An orc knight (D:10)
  A centaur simulacrum (Gauntlet)
3 creatures vanquished.

Vanquished Creatures (others)
  A howler monkey (D:6)
  4 demonic plants (Gauntlet)
  25 fungi
  77 plants
107 creatures vanquished.

Grand Total: 752 creatures vanquished

Notes
Turn   | Place    | Note
-------+----------+-------------------------------------------
     0 | D:1      | backslashecho the Gargoyle Berserker began the quest for
                  | the Orb.
     0 | D:1      | Reached XP level 1. HP: 14/14 MP: 1/1
   111 | D:1      | Reached XP level 2. HP: 4/19 MP: 2/2
   722 | D:1      | Found a faded altar of an unknown god.
   745 | D:1      | Reached skill level 3 in Axes
  1211 | D:2      | Reached skill level 1 in Unarmed Combat
  1211 | D:2      | Reached XP level 3. HP: 18/23 MP: 3/3
  2068 | D:2      | Reached ** piety under Trog
  2250 | D:2      | Reached XP level 4. HP: 29/29 MP: 4/4
  2545 | D:3      | Found a glowing drain.
  2552 | Sewer    | Entered a sewer
  2725 | Sewer    | Noticed a water moccasin
  2739 | Sewer    | Killed a water moccasin
  2740 | Sewer    | Reached skill level 4 in Axes
  2740 | Sewer    | Reached XP level 5. HP: 13/34 MP: 5/5
  3164 | D:3      | Reached XP level 6. HP: 38/39 MP: 6/6
  3272 | D:3      | Found a runed translucent gate.
  3272 | D:3      | Noticed mandarbmax's ghost (weakling DsVM)
  3273 | D:3      | Found a runed translucent gate.
  3273 | D:3      | Found a runed translucent gate.
  3337 | D:3      | Found Safiyq's Magic Scroll Emporium.
  3345 | D:3      | Bought a scroll of blinking for 75 gold pieces
  3397 | D:3      | Found a shimmering blue altar of Sif Muna.
  4039 | D:3      | Found an ornate altar of the Wu Jian Council.
  4114 | D:3      | Found a sparkling altar of Nemelex Xobeh.
  4448 | D:4      | Reached skill level 5 in Axes
  4504 | D:4      | Noticed Pikel
  4533 | D:4      | Killed Pikel
  4534 | D:4      | Reached skill level 5 in Fighting
  4534 | D:4      | Reached skill level 6 in Axes
  4534 | D:4      | Reached skill level 5 in Armour
  4534 | D:4      | Reached XP level 7. HP: 45/45 MP: 7/7
  4534 | D:4      | Reached XP level 8. HP: 51/51 MP: 8/8
  4868 | D:4      | Noticed Eustachio
  4910 | D:4      | Reached *** piety under Trog
  5322 | D:4      | Killed Eustachio
  5408 | D:4      | Noticed Menkaure
  5423 | D:4      | Killed Menkaure
  5903 | D:4      | Found a staircase to the Ecumenical Temple.
  5936 | D:4      | Noticed Edmund
  5946 | D:4      | Killed Edmund
  5947 | D:4      | Reached skill level 7 in Axes
  6040 | D:5      | Entered Level 5 of the Dungeon
  6254 | D:5      | Noticed Grinder
  6258 | D:5      | Paralysed by Grinder for 5 turns
  6270 | D:5      | Killed Grinder
  6404 | D:5      | Reached XP level 9. HP: 32/56 MP: 9/9
  7030 | D:6      | Found a shimmering altar of Xom.
  7162 | D:7      | Reached skill level 8 in Axes
  7250 | D:7      | Noticed Dowan
  7251 | D:7      | Noticed Duvessa
  7255 | D:7      | Killed Dowan
  7266 | D:7      | Killed Duvessa
  7694 | D:6      | Found an iron altar of Okawaru.
  7710 | D:6      | Found an ancient bone altar of Kikubaaqudgha.
  7977 | D:7      | Found a broken altar of Ashenzari.
  8247 | D:7      | Noticed Joseph
  8265 | D:7      | Killed Joseph
  8265 | D:7      | Reached **** piety under Trog
  8266 | D:7      | Reached skill level 9 in Axes
  8706 | D:7      | Reached XP level 10. HP: 64/64 MP: 10/10
  9344 | D:6      | Found a radiant altar of Vehumet.
  9836 | D:8      | Reached skill level 10 in Axes
 10156 | D:8      | Noticed Gastronok
 10177 | D:8      | Killed Gastronok
 10178 | D:8      | Reached skill level 11 in Axes
 10582 | D:8      | Reached XP level 11. HP: 61/71 MP: 11/11
 10733 | D:8      | Found a runed translucent door.
 10733 | D:8      | Noticed Gorgoleon's ghost (journeyman HuHu)
 11329 | D:9      | Found a sacrificial altar of Ru.
 11509 | D:9      | Found a hazy altar of Hepliaklqana.
 11559 | D:9      | Found a bloodstained altar of Trog.
 11693 | D:9      | Found a stormy altar of Qazlal.
 11706 | D:9      | Noticed Psyche
 11717 | D:9      | Killed Psyche
 11718 | D:9      | Reached skill level 1 in Shields
 11979 | D:10     | Entered Level 10 of the Dungeon
 12248 | D:10     | Noticed Harold
 12402 | D:10     | Killed Harold
 12517 | D:10     | Reached ***** piety under Trog
 12546 | D:10     | Found a basalt altar of Yredelemnul.
 12616 | D:10     | Noticed an orc knight
 12627 | D:10     | Killed an orc knight
 12918 | D:10     | Found Lephobes's Firing Range.
 13158 | D:11     | Found a staircase to the Lair.
 13218 | D:11     | Reached skill level 12 in Axes
 13221 | D:11     | Noticed a manticore
 13239 | D:11     | Killed a manticore
 13498 | D:11     | Identified the +0 leather armour of Hangman {rC+ Will+}
 13873 | D:11     | Noticed a green ugly thing
 13878 | D:11     | Killed a green ugly thing
 14323 | D:11     | Found a basalt altar of Yredelemnul.
 14694 | Lair:1   | Entered Level 1 of the Lair of Beasts
 14698 | Lair:1   | Found an ornate altar of the Wu Jian Council.
 14698 | Lair:1   | Found a hide-covered altar of Uskayaw.
 14698 | Lair:1   | Noticed a boulder beetle
 14707 | Lair:1   | Killed a boulder beetle
 14708 | Lair:1   | Reached skill level 1 in Throwing
 14763 | Lair:1   | Reached skill level 5 in Dodging
 14763 | Lair:1   | Reached XP level 12. HP: 61/76 MP: 8/12
 15018 | Lair:1   | Noticed Grum
 15040 | Lair:1   | Killed Grum
 15229 | Lair:1   | Received a gift from Trog
 15730 | Lair:1   | Identified the ring of the Circus Animal {Str+3 Int+3 Dex+6
                  | SInv}
 16169 | Lair:2   | Noticed a four-headed hydra
 16187 | Lair:2   | Killed a one-headed hydra
 16188 | Lair:2   | Reached skill level 13 in Axes
 17211 | Lair:2   | Reached skill level 10 in Fighting
 17295 | Lair:2   | Noticed a seven-headed hydra
 17309 | Lair:2   | Killed a two-headed hydra
 17638 | Lair:2   | You fall into a shaft and drop 1 floor!
 17755 | Lair:2   | Found a staircase to the Snake Pit.
 18417 | Lair:3   | Noticed a six-headed hydra
 18473 | Lair:3   | Reached XP level 13. HP: 63/83 MP: 11/13
 18674 | Lair:3   | Reached skill level 5 in Throwing
 18761 | Lair:3   | Reached skill level 14 in Axes
 19735 | Lair:4   | Found a staircase to the Shoals.
 20633 | Lair:5   | Reached skill level 1 in Evocations
 21008 | Lair:5   | Found a staircase to the Slime Pits.
 22061 | Lair:6   | Entered Level 6 of the Lair of Beasts
 22337 | Lair:6   | Reached skill level 15 in Axes
 22806 | Lair:6   | Gained mutation: Your large and strong wings let you fly.
                  | [Gargoyle growth]
 22806 | Lair:6   | Reached XP level 14. HP: 88/91 MP: 14/14
 23600 | Lair:6   | Found an ancient bone altar of Kikubaaqudgha.
 24404 | Lair:6   | Reached ****** piety under Trog
 24405 | Lair:6   | Reached skill level 5 in Evocations
 24410 | Lair:6   | Received a gift from Trog
 24981 | Lair:6   | Reached skill level 16 in Axes
 25032 | Lair:6   | Reached skill level 10 in Armour
 26303 | D:12     | Found a runed translucent door.
 26303 | D:12     | Noticed agentchuck's ghost (journeyman FoWr)
 26314 | D:12     | Found a staircase to the Orcish Mines.
 26429 | D:12     | Identified the +5 spear "Trog's Scorn" {speed, Stlth+}
 26557 | D:13     | Found a gate leading to a gauntlet.
 26570 | Gauntlet | Entered a Gauntlet
 26570 | Gauntlet | Found a transporter.
 26570 | Gauntlet | Found a transporter.
 26576 | Gauntlet | Found a transporter.
 26589 | Gauntlet | Found a transporter.
 26607 | Gauntlet | Found a transporter.
 26607 | Gauntlet | Found a transporter.
 26607 | Gauntlet | Found a transporter.
 26610 | Gauntlet | Found a transporter.
 26610 | Gauntlet | Found a transporter.
 26622 | Gauntlet | Found a transporter.
 26640 | Gauntlet | Found a transporter.
 26649 | Gauntlet | Found a runed translucent door.
 26650 | Gauntlet | Found a transporter.
 26651 | Gauntlet | Found a runed translucent door.
 26665 | Gauntlet | Found a transporter.
 26685 | Gauntlet | Found a transporter.
 26983 | Gauntlet | Identified the ring of Limitation {rN+ EV+4 Str-5 Int+10
                  | Dex-2}
 27024 | Gauntlet | Identified the ring "Cerupp" {EV+4 Dex+5 Stlth-}
 27043 | Gauntlet | Identified the +5 war axe of Saltpetre {vorpal, Will- rCorr
                  | Dex+4}
 27043 | Gauntlet | Identified the ring "Piobekap" {Fire rElec Dex+9 Slay-2
                  | SInv}
 27409 | D:13     | Reached XP level 15. HP: 96/96 MP: 15/15
 27511 | D:13     | Found a hazy altar of Hepliaklqana.
 27937 | D:13     | Received a gift from Trog
 28130 | D:13     | Found a gate to the Vaults.
 28476 | Orc:1    | Entered Level 1 of the Orcish Mines
 28833 | Orc:2    | Entered Level 2 of the Orcish Mines
 28856 | Orc:2    | Found a staircase to the Elven Halls.
 28968 | Orc:2    | Found Qinn's Weapon Boutique.
 29183 | Orc:2    | Found Voxoich's Jewellery Emporium.
 29404 | Orc:2    | Slain by a soul eater

Illustrated notes

Levels and vault maps discovered:
D:1:      minmay_arrival_semitransparent, layout_basic,
          shapermc_ecumenical_altar_flowoftime, minmay_tromino_v4_b
D:2:      layout_basic
D:3:      layout_loops_ring, nicolae_wu_jian_immortal_techniques,
          nemelex_dance_club_becter, kennysheep_orc_sif_temple,
          gammafunk_ghost_split, serial_shops, shop, lightli_sewer_entry_pipes
D:4:      layout_basic, minmay_temple_entry_proselytizer, uniq_edmund,
          uniq_eustachio, uniq_pikel, uniq_menkaure
D:5:      layout_loops_ring, uniq_grinder
D:6:      layout_rooms, xom_confusion_cloud, okawaru_altar_gauntlet_db,
          vehumet_crystals, lemuel_round_altar, columned_hall_lemuel
D:7:      layout_basic, mainiacjoe_overflow_brackets, minmay_puff, uniq_duvessa,
          uniq_joseph
D:8:      layout_loops_ring, ebering_ghost_reflecting_pool,
          hangedman_glass_teeth, chequers_serial_rivers_micro_a, uniq_gastronok
D:9:      layout_roguey, kennysheep_mini, nicolae_ru_great_annihilating_truth,
          mainiacjoe_overflow_24_doors, trog_book, uniq_psyche
D:10:     cheibrodos_orc_bank, layout_cave_pools, mainiacjoe_overflow_alcove_1,
          kennysheep_crisscross, nicolae_shop_firing_range, uniq_harold
D:11:     layout_basic, lair_entry_dummy, yredelemnul_forgotten_temple_becter
D:12:     layout_basic, hiddenorc1_lemuel, ebering_ghost_funeral_grove
D:13:     layout_loops_ring, david_vaults_4, gauntlet_entry_generic,
          nicolae_hepliaklqana_hazy_memory
Lair:1:   layout_hall_layers, st_stairs_10, hangedman_lair_unloving_vines,
          nzn_masters_of_martial_movement, uniq_grum
Lair:2:   layout_cave_pods, minmay_snake_entry_guardpost_medium,
          infiniplex_staircase_pool_2
Lair:3:   layout_regular_city, small_statue_intersection, roderic_carrion_pond
Lair:4:   layout_cave_pods, shoals_dummy_entry, chequers_serial_rivers_small_a
Lair:5:   layout_cave_pods, slime_dummy
Lair:6:   guppyfry_lair_end_dragon, layout_cave_shapes,
          hangedman_lair_caniforms_friends, basic_altar, grunt_megastairs_5
Orc:1:    layout_diamond_mine, basic_altar, david_defended_altar_orc
Orc:2:    st_orc_town, layout_caves

Skill      XL: |  1  2  3  4  5  6  7  8  9 10 11 12 13 14 15 |
---------------+----------------------------------------------+-----
Axes           | 3 4 6 7 9 11 12 13 15 16 | 16.9
Unarmed Combat | 1 |  1.0
Armour         | 3 5 6 7 9 10 11 | 11.1
Fighting       | 4 5 6 8 9 10 11 12 | 12.0
Dodging        | 2 5 |  5.0
Shields        | 4 |  4.0
Throwing       | 1 4 6 |  6.0
Evocations     | 3 6 |  6.9

Action                   |  1- 3 |  4- 6 |  7- 9 | 10-12 | 13-15 || total
-------------------------+-------+-------+-------+-------+-------++-------
Melee: Hand axe          |   122 |   180 |   370 |   237 |    37 ||   946
       Punch             |       |     1 |     3 |     1 |       ||     5
       War axe           |       |       |       |   633 |   829 ||  1462
       Broad axe         |       |       |       |       |   299 ||   299
Throw: Dart              |       |       |       |     6 |     1 ||     7
       Throwing net      |       |       |       |     1 |       ||     1
Invok: Berserk           |     1 |     4 |    12 |    11 |     7 ||    35
       Trog's Hand       |       |     3 |     3 |     8 |    11 ||    25
       Brothers in Arms  |       |       |       |     1 |     1 ||     2
Evoke: Wand              |       |       |     1 |     2 |     4 ||     7
       Phial of floods   |       |       |       |       |     1 ||     1
       Phantom mirror    |       |       |       |       |     1 ||     1
 Stab: Paralysed         |       |       |     2 |     5 |     1 ||     8
       Petrified         |       |       |       |       |     9 ||     9
Armor: Animal skin       |    45 |   100 |    57 |       |       ||   202
       Plate armour      |       |       |   177 |   607 |   658 ||  1442
Dodge: Dodged            |    89 |   126 |   158 |   286 |   443 ||  1102
Block: Buckler           |       |       |       |   102 |   205 ||   307
